 Dungeon Crawl Stone Soup version 0.20.1-1-g8b1a95d (webtiles) character file.

1222 FollowTheCloud the Skirmisher (level 8, -3/73 HPs)
             Began as a Minotaur Berserker on Aug 21, 2017.
             Was a Priest of Trog.
             Slain by an orc warrior
             ... wielding a +0 dire flail
              (23 damage)
             ... on level 6 of the Dungeon.
             The game lasted 00:15:07 (4581 turns).

FollowTheCloud the Skirmisher (Minotaur Berserker)  Turns: 4581, Time: 00:15:11

Health: -3/73      AC: 12    Str: 24    XL:     8   Next: 23%
Magic:  7/7        EV: 10    Int:  4    God:    Trog [***...]
Gold:   330        SH:  0    Dex: 10    Spells: 7/7 levels left

rFire    . . .     SeeInvis .   a - +0 hand axe
rCold    . . .     Gourm    .   (no shield)
rNeg     . . .     Faith    .   u - +0 chain mail
rPois    .         Spirit   .   (helmet restricted)
rElec    .         Reflect  .   (no cloak)
rCorr    .         Harm     .   (no gloves)
MR       .....                  i - +1 pair of boots
Stlth    ..........             (no amulet)
Regen    0.3/turn               (no ring)
MPRegen  0.1/turn               (no ring)

@: no status effects
A: retaliatory headbutt, horns 2
a: Berserk, Trog's Hand, Burn Spellbooks, Renounce Religion


You were on level 6 of the Dungeon.
You worshipped Trog.
Trog was most pleased with you.
You were not hungry.

You visited 1 branch of the dungeon, and saw 6 of its levels.

You collected 330 gold pieces.

Inventory:

Hand Weapons
 a - a +0 hand axe (weapon)
 A - a +0 dagger
Armour
 i - a +1 pair of boots (worn)
 u - a +0 chain mail (worn)
Jewellery
 b - an uncursed amulet of the gourmand {unknown}
 v - an uncursed amulet of regeneration {unknown}
 y - an uncursed amulet of guardian spirit {unknown}
 C - an uncursed amulet of magic regeneration {unknown}
 E - a cursed ring of ice {unknown}
Wands
 D - a wand of random effects (22/48)
Scrolls
 e - 7 scrolls of teleportation {unknown}
 f - 2 scrolls of magic mapping {unknown}
 j - a scroll of blinking {unknown}
 k - a scroll of random uselessness {unknown}
 m - a scroll of amnesia {unknown}
 p - a scroll of identify {unknown}
 q - a scroll of fear {unknown}
 z - a scroll of recharging {unknown}
 B - a scroll of remove curse {unknown}
Potions
 d - a potion of berserk rage {unknown}
 h - 4 potions of agility {unknown}
 l - 2 potions of haste
 n - 3 potions of degeneration {unknown}
 r - a potion of mutation {unknown}
 t - a potion of flight {unknown}
 w - 2 potions of curing {unknown}
 x - a potion of lignification {unknown}
Books
 F - a book of Flames

   Spells                             Type                      Level
   a - Flame Tongue                   Conjuration/Fire             1
   b - Throw Flame                    Conjuration/Fire             2
   c - Conjure Flame                  Conjuration/Fire             3
   d - Inner Flame                    Hexes/Fire                   3
   e - Sticky Flame                   Conjuration/Fire             4
   f - Fireball                       Conjuration/Fire             5
   Trog disapproves of the use of such an item.
Comestibles
 c - 4 bread rations
 g - 2 meat rations
 o - 4 fruits
 s - a royal jelly


   Skills:
 + Level 7.4 Fighting
 + Level 7.2 Axes
 + Level 6.6 Armour
 - Level 4.6 Dodging


You had 7 spell levels left.
You didn't know any spells.

Dungeon Overview and Level Annotations

Branches:
Dungeon (6/15)             Temple (0/1) D:5

Altars:
Elyvilon
Gozag
Qazlal
Trog
Vehumet


Innate Abilities, Weirdness & Mutations

You reflexively headbutt those who attack you in melee.
You have a pair of horns on your head.


Message History

You closely miss the orc.
The orc warrior hits you with a dire flail!!
The orc barely misses you.
You barely miss the orc warrior.
The orc warrior is severely wounded.
You closely miss the orc. The orc warrior closely misses you.
The orc barely misses you.
Unknown command.
You hit the orc warrior. Your headbutt misses the orc warrior.
The orc warrior is severely wounded.
You barely miss the orc. The orc hits you with a short sword.
The orc warrior hits you with a dire flail!
* * * LOW HITPOINT WARNING * * *
You closely miss the orc warrior.
The orc warrior is severely wounded.
You hit the orc.
You kill the orc!
Trog accepts your kill.
The orc warrior hits you with a dire flail!!
You die...

#.# #........# #.#
#........# #.##
#........# #..#
#........#
##[#####.#........#
#.......'?.......#
#..####.#........#
####..#### #####o####
#........#+##..o@#
#.............##.#
#.............##.#
#.............+...
#.............##.##
#........#+##.##.#
#........#.##.##.#
#######..#.##.##.####
##.#.##.......#


You could see an orc warrior and an orc.

Vanquished Creatures
  Prince Ribbit (D:5)
  Sigmund (D:5)
  Menkaure (D:5)
  A centaur (D:5)
  A bullfrog (D:6)
  A scorpion (D:4)
  2 howler monkeys
  A hound (D:4)
  3 orc wizards
  2 orc priests
  Terence (D:3)
  2 iguanas (D:4)
  A worker ant (D:5)
  A hound zombie (D:6)
  A worker ant zombie (D:6)
  6 adders
  A shadow imp (D:5)
  An ooze (D:3)
  2 worms (D:2)
  2 dart slugs
  5 leopard geckos
  15 orcs
  5 ball pythons
  7 bats
  6 giant cockroaches
  6 goblins
  10 hobgoblins
  8 jackals (D:1)
  10 kobolds
  3 quokkas
  7 frilled lizards
  2 quokka skeletons
  3 rats
119 creatures vanquished.

Vanquished Creatures (others)
  A hobgoblin (D:2)
1 creature vanquished.

Grand Total: 120 creatures vanquished

Notes
Turn   | Place    | Note
-------+----------+-------------------------------------------
     0 | D:1      | FollowTheCloud the Minotaur Berserker began the quest for the Orb.
     0 | D:1      | Reached XP level 1. HP: 19/19 MP: 0/0
    83 | D:1      | Reached XP level 2. HP: 14/27 MP: 1/1
   588 | D:1      | Reached XP level 3. HP: 22/33 MP: 2/2
  1060 | D:2      | Found a radiant altar of Vehumet.
  1568 | D:3      | Reached ** piety under Trog
  1568 | D:3      | Reached XP level 4. HP: 37/41 MP: 3/3
  2034 | D:3      | Reached XP level 5. HP: 37/47 MP: 4/4
  2263 | D:3      | Found an opulent altar of Gozag.
  2690 | D:3      | Noticed Terence
  2703 | D:3      | Killed Terence
  2703 | D:3      | Reached skill level 5 in Fighting
  2907 | D:4      | Found a stormy altar of Qazlal.
  3098 | D:4      | Found a white marble altar of Elyvilon.
  3115 | D:4      | Reached XP level 6. HP: 50/56 MP: 5/5
  3228 | D:4      | Reached skill level 5 in Axes
  3282 | D:4      | Reached *** piety under Trog
  3536 | D:5      | Entered Level 5 of the Dungeon
  3560 | D:5      | Found a staircase to the Ecumenical Temple.
  3578 | D:5      | Noticed Prince Ribbit
  3637 | D:5      | Noticed Menkaure
  3938 | D:5      | Killed Menkaure
  3938 | D:5      | Reached skill level 5 in Armour
  3938 | D:5      | Reached XP level 7. HP: 63/63 MP: 6/6
  4003 | D:5      | Killed Prince Ribbit
  4038 | D:5      | Noticed Sigmund
  4050 | D:5      | Killed Sigmund
  4077 | D:5      | Reached XP level 8. HP: 63/73 MP: 7/7
  4267 | D:5      | Found a bloodstained altar of Trog.
  4581 | D:6      | Slain by an orc warrior

Skill      XL: |  1  2  3  4  5  6  7  8 |
---------------+-------------------------+-----
Fighting       | 4 5 6 7 |  7.4
Armour         | 3 5 6 |  6.6
Axes           | 4 5 6 7 |  7.2
Dodging        | 3 4 |  4.6

Action                   |  1- 3 |  4- 6 |  7- 9 || total
-------------------------+-------+-------+-------++-------
Melee: Hand axe          |    69 |   165 |    78 ||   312
       Headbutt          |    10 |    37 |    14 ||    61
Invok: Berserk           |       |     3 |     2 ||     5
       Trog's Hand       |       |     1 |       ||     1
  Eat: Chunk             |     2 |     9 |     6 ||    17
Armor: Animal skin       |    14 |    14 |       ||    28
       Chain mail        |       |    34 |    48 ||    82
Dodge: Dodged            |    59 |    82 |    43 ||   184
